 Dungeon Crawl Stone Soup version 0.27.1-33-g824d729ab1 (webtiles) character file.

Game seed: 16787550725095556060

115615 sking99 the Brawler (level 16, -5/151 (152) HPs)
             Began as a Troll Monk on Dec 8, 2021.
             Was a High Priest of Qazlal.
             Killed from afar by a starcursed mass (10 damage)
             ... with an accursed screaming
             ... on level 3 of the Abyss.
             The game lasted 00:49:19 (19946 turns).

sking99 the Brawler (Troll Monk)                   Turns: 19946, Time: 00:49:19

HP:   -5/151 (152)  AC: 16    Str: 28    XL:     16   Next: 19%
MP:   13/24         EV:  9    Int:  6    God:    Qazlal [*****.]
Gold: 1517          SH: 28    Dex: 12    Spells: 15/15 levels left

rFire    . . .     SeeInvis .     - Unarmed
rCold    + . .     Faith    .   e - +2 tower shield {AC+3}
rNeg     . . .     Spirit   .   M - +0 acid dragon scales
rPois    +         Reflect  .   (helmet restricted)
rElec    .         Harm     .   j - +0 cloak
rCorr    +         Rampage  .   (gloves unavailable)
Will     +....                  (boots unavailable)
Stlth    +.........             E - amulet of regeneration
HPRegen  2.35/turn              m - ring of poison resistance
MPRegen  0.19/turn              b - ring of protection from cold

@: about to teleport, protected from physical damage, lightly drained, repel
missiles
A: large, unfitting armour, claws 3, regeneration 1, shaggy fur 1, tough skin 1,
[screaming 1]
a: Renounce Religion, Upheaval, Elemental Force, Disaster Area


You were on level 3 of the Abyss.
You worshipped Qazlal.
Qazlal was extremely pleased with you.
You visited 2 branches of the dungeon, and saw 21 of its levels.
You visited the Abyss 1 time.
You also visited: Gauntlet and Ice Cave.

You collected 1517 gold pieces.

Inventory:

Armour
 e - a +2 tower shield of protection (worn)
 j - a +0 cloak (worn)
 u - a scarf of resistance
 M - +0 acid dragon scales (worn)
Jewellery
 b - a ring of protection from cold (right claw)
 c - a ring of ice
 m - a ring of poison resistance (left claw)
 z - a ring of protection from cold
 E - an amulet of regeneration (around neck)
 N - a ring of willpower
 S - an amulet of guardian spirit
Wands
 l - a wand of paralysis (14)
 w - a wand of iceblast (26)
 x - a wand of mindburst (13)
 A - a wand of flame (44)
 H - a wand of digging (9)
 I - a wand of polymorph (9)
 L - a wand of acid (5)
Scrolls
 a - 2 scrolls of blinking
 f - 3 scrolls of summoning
 i - a scroll of fear
 n - 6 scrolls of teleportation
 p - 3 scrolls of magic mapping
 y - 2 scrolls of amnesia
 F - 2 scrolls of brand weapon
 J - 2 scrolls of holy word
 K - a scroll of enchant armour
 O - a scroll of enchant weapon
 P - a scroll of silence
 R - a scroll of fog
 T - a scroll of identify
Potions
 d - 3 potions of heal wounds
 g - 3 potions of haste
 h - a potion of magic
 k - 4 potions of might
 o - 4 potions of attraction
 q - 6 potions of brilliance
 s - 4 potions of lignification
 t - 3 potions of degeneration
 v - 3 potions of cancellation
 B - 4 potions of curing
 C - a potion of berserk rage
 D - 2 potions of resistance
 G - 9 potions of flight
 Q - a potion of mutation {unknown}
Miscellaneous
 r - a phial of floods


   Skills:
 - Level 8.1 Fighting
 - Level 6.0 Armour
 - Level 2.4 Dodging
 - Level 1.0 Stealth
 * Level 13.5 Shields
 + Level 16.5 Unarmed Combat
 + Level 12.6 Invocations


You had 15 spell levels left.
You didn't know any spells.
Your spell library contained the following spells:

 Spells                   Type           Power      Damage    Failure   Level
 Magic Dart               Conj           0%         1d3       63%         1
 Call Imp                 Summ           0%         N/A       77%         2
 Ensorcelled Hibernation  Hex/Ice        0%         N/A       77%         2
 Static Discharge         Conj/Air       0%         N/A       77%         2
 Ignite Poison            Fire/Tmut/Pois 0%         N/A       94%         3
 Mephitic Cloud           Conj/Pois/Air  0%         N/A       94%         3
 Spider Form              Tmut/Pois      0%         N/A       94%         3
 Dispel Undead            Necr           0%         3d6       100%        4
 Passage of Golubria      Tloc           N/A        N/A       100%        4
 Sticky Flame             Conj/Fire      0%         2d3       100%        4
 Bolt of Magma            Conj/Fire/Erth 0%         4d4       100%        5
 Lightning Bolt           Conj/Air       0%         1d11      100%        5
 Silence                  Hex/Air        0%         N/A       100%        5
 Summon Forest            Summ/Tloc      0%         N/A       100%        5
 Summon Mana Viper        Hex/Summ       0%         N/A       100%        5
 Shadow Creatures         Summ           N/A        N/A       100%        6
 Lehudib's Crystal Spear  Conj/Erth      0%         10d2      100%        8
 Maxwell's Capacitive Co  Air            0%         ∞         100%        8


Dungeon Overview and Level Annotations

Branches:
Dungeon (15/15)            Temple (0/1) D:5            Lair (6/6) D:9
 Shoals (0/4) Lair:3       Spider (0/4) Lair:3        Slime (0/5) Lair:6
    Orc (0/2) D:12         Vaults (0/5) D:13          IceCv (visited)
Gauntlet (visited)
 Depths: D:15

Altars:
Ashenzari
Cheibriados
Elyvilon
Kikubaaqudgha
Qazlal
Trog
Xom
Yredelemnul
Zin
Jiyva

Portals:
Trove: D:12 (give 4 potions of resistance)

Annotations:
D:4 4 runed translucent doors
D:13 2 transporters
Lair:6 exclusion: obsidian statue


Innate Abilities, Weirdness & Mutations

You are too large for most types of armour.
You have claws for hands.
Your natural rate of healing is unusually fast.
You are covered in fur. (AC +1)
You have tough skin. (AC +1)
[You occasionally shout uncontrollably at your foes.]


Message History

The Executioner hits you but does no damage. x2
Aiming: Upheaval
Press: ? - help, Dir - move target Magma suddenly erupts from the ground!
The blast of magma engulfs the Executioner!!
The Executioner partially resists.
The Executioner is almost dead.
The Executioner closely misses you. You block the Executioner's attack.
The Executioner hits you.
* * * LOW HITPOINT WARNING * * *
The Executioner hits you!
* * * LOW HITPOINT WARNING * * *
The Executioner hits you but does no damage. x2
You block the Executioner's attack. x3
A deafening chorus of shrieks assaults your mind!
* * * LOW HITPOINT WARNING * * *
Unknown command.
You feel much better. You block the Executioner's attack.
The Executioner closely misses you. You block the Executioner's attack.
The Executioner hits you but does no damage. x2
You block the Executioner's attack. x2; The Executioner hits you.
* * * LOW HITPOINT WARNING * * *
You feel more protected from physical attacks.
The Executioner hits you but does no damage.
A deafening chorus of shrieks assaults your mind!
* * * LOW HITPOINT WARNING * * *
You suddenly lose the ability to move!
You can move again.
As you read the scroll of teleportation, it crumbles to dust.
You feel strangely unstable.
You feel the power of the Abyss delaying your translocation!
You block the Executioner's attack.
The Executioner hits you but does no damage. x2
The Executioner barely misses you.
The Executioner hits you but does no damage.
You block the Executioner's attack. The Executioner hits you.
* * * LOW HITPOINT WARNING * * *
You block the Executioner's attack. The Executioner barely misses you.
A deafening chorus of shrieks assaults your mind!
You die...

. ## .## #.#
#..# .. . ##
##. ... ## . #.
. .♣♣ # .. ##.
.
♣....♣#######..
.♣♣♣8..8..#..
.. # ..##..
##.R.#.# #.#
#.# .. .
♣##...####.# ..
. ## # #.@1ZXX#
#..# . ≈ ..
####X≈XX.... ≈
..... ###t.#..
# .# 8 . .
#§...#.# #...
## #### .
.#.... . .....#
.. ...# #.
#...... .# . ..
#


You could see 5 starcursed masses, an Executioner (fast), a rakshasa, an
apocalypse crab and a manticore skeleton.

Vanquished Creatures
  A reaper (IceCv)
  6 dire elephants (Lair:6)
  A minotaur (Gauntlet)
  Fannar (D:11)
  2 boulder beetles
  5 hydras
  An ogre mage (D:13)
  5 centaur warriors
  2 death knights
  2 catoblepae
  A death yak (Lair:6)
  2 tengu warriors
  6 two-headed ogres
  2 death scarabs (Gauntlet)
  Sonja (Lair:1)
  2 wretched stars (Abyss:3)
  A spectral death yak (Lair:6)
  14 skeletal warriors
  A spectral anaconda (Lair:6)
  Pikel (D:7)
  3 phantasmal warriors
  2 deep elf pyromancers
  A wizard (D:15)
  3 large abominations (Gauntlet)
  4 necromancers
  An orc sorcerer (D:15)
  4 oklob plants (Lair:1)
  10 slime creatures
  7 manticores
  8 ugly things
  A black mamba (shapeshifter) (D:14)
  4 cyclopes
  18 elephants
  2 ice statues (IceCv)
  4 black mambas
  2 naga magi (D:15)
  Maggie (D:8)
  A dire elephant skeleton (Lair:6)
  18 cane toads
  2 torpor snails
  A minotaur zombie (Gauntlet)
  An entropy weaver simulacrum (IceCv)
  7 rime drakes
  3 anaconda simulacra (IceCv)
  4 tengu conjurers
  9 komodo dragons
  7 ice devils (IceCv)
  A jumping spider (Lair:3)
  6 meliai
  A jumping spider (shapeshifter) (D:13)
  A troll (D:12)
  A wind drake (Lair:3)
  2 spectral elephants (Lair:6)
  19 blink frogs
  A raiju (shapeshifter) (D:13)
  9 dream sheep
  2 centaur simulacra (D:15)
  Sigmund (D:6)
  13 flying skulls (Gauntlet)
  3 redbacks (Lair:3)
  71 yaks
  2 dire elephant simulacra (IceCv)
  7 basilisks
  3 wyverns
  22 vampire mosquitoes
  A golden eye (shapeshifter) (D:13)
  A spectral komodo dragon (Gauntlet)
  6 steam dragons
  2 death yak simulacra (Lair:6)
  3 acid dragons
  4 harpy simulacra (IceCv)
  A spectral cane toad (Gauntlet)
  19 water moccasins
  Duvessa (D:7)
  8 small abominations
  2 black bears
  3 orc warriors
  6 ogres
  A boggart (D:13)
  11 centaurs
  2 elephant skeletons (Lair:6)
  13 wolves
  2 phantoms
  3 lemures (D:7)
  4 kobold brigands
  5 bullfrogs
  A cane toad simulacrum (Lair:6)
  Dowan (D:7)
  A scorpion (D:6)
  A wyvern skeleton (D:6)
  17 killer bees
  3 elephant simulacra
  3 wights (D:7)
  8 howler monkeys
  3 jellies
  A bullfrog zombie (D:5)
  5 centaur zombies
  3 hounds
  2 orc priests
  6 centaur skeletons
  3 iguanas
  13 orc wizards
  11 hell rats
  A hound skeleton (D:4)
  A hound zombie (D:5)
  A howler monkey zombie (D:9)
  A howler monkey skeleton (D:7)
  2 naga simulacra (IceCv)
  9 adders
  A gnoll (D:4)
  A shadow imp (D:7)
  3 white imps
  2 ufetubi
  An adder zombie (D:4)
  An adder skeleton (D:4)
  A worm (D:3)
  A dart slug (D:1)
  23 orcs
  7 ball pythons
  5 endoplasms
  A giant cockroach (D:1)
  4 goblins
  10 hobgoblins
  7 jackals
  3 quokkas
  6 bats
  A frilled lizard (D:3)
  16 kobolds
  7 rats
646 creatures vanquished.

Vanquished Creatures (others)
  An orc wizard (D:7)
  4 demonic plants (Gauntlet)
  21 fungi
  50 plants
  31 withered plants (Lair:6)
107 creatures vanquished.

Grand Total: 753 creatures vanquished

Notes
Turn   | Place    | Note
-------+----------+-------------------------------------------
     0 | D:1      | sking99 the Troll Monk began the quest for the Orb.
     0 | D:1      | Reached XP level 1. HP: 22/22 MP: 0/0
   194 | D:1      | Reached XP level 2. HP: 29/29 MP: 1/1
   320 | D:1      | Found a faded altar of an unknown god.
  1281 | D:2      | Reached XP level 3. HP: 34/36 MP: 2/2
  1353 | D:2      | Reached skill level 4 in Unarmed Combat
  1926 | D:3      | Reached XP level 4. HP: 45/45 MP: 3/3
  2209 | D:3      | Found a glowing silver altar of Zin.
  2618 | D:4      | Found a stormy altar of Qazlal.
  2636 | D:4      | Noticed an ogre
  2645 | D:4      | Killed an ogre
  2646 | D:4      | Reached skill level 5 in Unarmed Combat
  2646 | D:4      | Reached XP level 5. HP: 22/53 MP: 4/4
  2794 | D:4      | Found a large runed translucent door.
  2794 | D:4      | Found a large runed translucent door.
  2803 | D:4      | Noticed a phantom
  2811 | D:4      | Killed a phantom
  2812 | D:4      | Reached skill level 6 in Unarmed Combat
  2812 | D:4      | Reached XP level 6. HP: 62/62 MP: 5/5
  2815 | D:4      | Noticed a yak
  2825 | D:4      | Killed a yak
  2875 | D:4      | Found a large runed translucent door.
  2875 | D:4      | Found a large runed translucent door.
  3177 | D:4      | Reached skill level 7 in Unarmed Combat
  3177 | D:4      | Reached XP level 7. HP: 70/71 MP: 6/6
  3258 | D:4      | Became a worshipper of Qazlal Stormbringer
  3258 | D:4      | Reached * piety under Qazlal
  3258 | D:4      | Reached ** piety under Qazlal
  3284 | D:5      | Entered Level 5 of the Dungeon
  3356 | D:5      | Found a staircase to the Ecumenical Temple.
  3371 | D:5      | Reached skill level 1 in Invocations
  4374 | D:6      | Noticed Sigmund
  4383 | D:6      | Killed Sigmund
  4384 | D:6      | Reached skill level 5 in Fighting
  4384 | D:6      | Reached skill level 8 in Unarmed Combat
  4384 | D:6      | Reached XP level 8. HP: 80/80 MP: 8/8
  4893 | D:6      | Reached skill level 1 in Armour
  5331 | D:7      | Found a white marble altar of Elyvilon.
  5455 | D:7      | Reached skill level 9 in Unarmed Combat
  5648 | D:7      | Noticed Dowan
  5652 | D:7      | Noticed Duvessa
  5661 | D:7      | Killed Duvessa
  5664 | D:7      | Killed Dowan
  5673 | D:7      | Reached XP level 9. HP: 71/89 MP: 6/10
  5770 | D:7      | Noticed Pikel
  5814 | D:7      | Killed Pikel
  5908 | D:7      | Reached skill level 10 in Unarmed Combat
  6119 | D:8      | Noticed Maggie
  6132 | D:8      | Killed Maggie
  6272 | D:8      | Found a basalt altar of Yredelemnul.
  6554 | D:8      | Reached *** piety under Qazlal
  6555 | D:8      | Reached XP level 10. HP: 69/100 MP: 12/12
  6613 | D:8      | Reached skill level 5 in Invocations
  7013 | D:9      | Found an ancient bone altar of Kikubaaqudgha.
  7025 | D:9      | Reached skill level 11 in Unarmed Combat
  7285 | D:9      | Noticed a two-headed ogre
  7296 | D:9      | Killed a two-headed ogre
  7411 | D:9      | Found a staircase to the Lair.
  7613 | D:10     | Entered Level 10 of the Dungeon
  7729 | D:10     | Noticed a two-headed ogre
  7736 | D:10     | Killed a two-headed ogre
  7745 | D:10     | Reached skill level 5 in Armour
  7815 | D:10     | Reached **** piety under Qazlal
  7825 | D:10     | Reached XP level 11. HP: 104/109 MP: 14/14
  7924 | D:10     | Reached skill level 12 in Unarmed Combat
  7956 | D:10     | Found a shimmering altar of Xom.
  7967 | D:10     | Found a broken altar of Ashenzari.
  8289 | Lair:1   | Entered Level 1 of the Lair of Beasts
  8289 | Lair:1   | Noticed Sonja
  8295 | Lair:1   | Killed Sonja
  8301 | Lair:1   | Noticed an oklob plant
  8501 | Lair:1   | Reached ***** piety under Qazlal
  9198 | Lair:1   | Noticed an oklob plant
  9198 | Lair:1   | Noticed an oklob plant
  9198 | Lair:1   | Noticed an oklob plant
  9205 | Lair:1   | Killed an oklob plant
  9450 | Lair:1   | Identified a scroll of acquirement
  9450 | Lair:1   | Acquired a +1 tower shield of protection
  9510 | Lair:2   | Noticed a four-headed hydra
  9526 | Lair:2   | Reached skill level 1 in Shields
  9527 | Lair:2   | Killed a four-headed hydra
  9528 | Lair:2   | Reached skill level 13 in Unarmed Combat
  9623 | Lair:2   | Reached XP level 12. HP: 112/119 MP: 16/16
  9705 | Lair:2   | Noticed a boulder beetle
  9721 | Lair:2   | Killed a boulder beetle
 10690 | Lair:3   | Found a staircase to the Shoals.
 10811 | Lair:3   | Found a snail-covered altar of Cheibriados.
 10873 | Lair:3   | Noticed a seven-headed hydra
 10882 | Lair:3   | Killed a seven-headed hydra
 10987 | Lair:3   | Reached skill level 5 in Shields
 11010 | Lair:3   | Found a frozen archway.
 11027 | IceCv    | Entered an ice cave
 11316 | IceCv    | Noticed a reaper
 11349 | IceCv    | Killed a reaper
 11699 | Lair:3   | Reached XP level 13. HP: 102/127 MP: 18/18
 11895 | Lair:3   | Reached skill level 14 in Unarmed Combat
 12281 | Lair:3   | Found a hole to the Spider Nest.
 13296 | Lair:5   | Reached skill level 10 in Invocations
 13629 | Lair:6   | Entered Level 6 of the Lair of Beasts
 13629 | Lair:6   | Found a viscous altar of Jiyva.
 13629 | Lair:6   | Found a staircase to the Slime Pits.
 13793 | Lair:6   | Reached XP level 14. HP: 89/136 MP: 20/20
 14064 | Lair:6   | Reached skill level 10 in Shields
 14688 | Lair:6   | Reached skill level 15 in Unarmed Combat
 16208 | D:11     | Noticed Fannar
 16222 | D:11     | Killed Fannar
 16622 | D:12     | Found a gate leading to a gauntlet.
 16627 | Gauntlet | Entered a Gauntlet
 16627 | Gauntlet | Found a transporter.
 16649 | Gauntlet | Found a transporter.
 16649 | Gauntlet | Found a transporter.
 16650 | Gauntlet | Found a transporter.
 16658 | Gauntlet | Found a transporter.
 16661 | Gauntlet | Found a transporter.
 16662 | Gauntlet | Found a transporter.
 16670 | Gauntlet | Found a runed translucent door.
 16674 | Gauntlet | Found a transporter.
 16675 | Gauntlet | Found a transporter.
 16683 | Gauntlet | Found a transporter.
 16683 | Gauntlet | Found a transporter.
 16686 | Gauntlet | Found a transporter.
 16687 | Gauntlet | Found a transporter.
 16691 | Gauntlet | Found a runed translucent door.
 16691 | Gauntlet | Found a runed translucent door.
 16695 | Gauntlet | Found a transporter.
 17000 | Gauntlet | Reached XP level 15. HP: 143/143 MP: 22/22
 17082 | Gauntlet | Identified the +2 robe of the Guilds {rElec}
 17444 | D:12     | Found a staircase to the Orcish Mines.
 17610 | D:12     | Found a portal to a secret trove of treasure.
 18220 | D:13     | Found a transporter.
 18221 | D:13     | Found a transporter.
 18312 | D:13     | Reached skill level 16 in Unarmed Combat
 18601 | D:13     | Found a gate to the Vaults.
 19023 | D:14     | Found a bloodstained altar of Trog.
 19321 | D:15     | Entered Level 15 of the Dungeon
 19478 | D:15     | Reached XP level 16. HP: 67/152 MP: 24/24
 19866 | D:15     | Cast into level 3 of the Abyss (a wizard)
 19928 | Abyss:3  | Noticed an Executioner
 19944 | Abyss:3  | HP: 4/151 [starcursed mass/accursed screaming (10)]
 19945 | Abyss:3  | Paralysed by accursed screaming for 1 turns
 19946 | Abyss:3  | Killed from afar by a starcursed mass

Illustrated notes

Levels and vault maps discovered:
D:1:      grunt_arrival_crossed_arrows, layout_basic,
          shapermc_ecumenical_altar_totnotflames
D:2:      layout_basic
D:3:      layout_rooms, zin_treasury, serial_rivers,
          chequers_serial_rivers_micro_d, chequers_serial_rivers_large_b,
          chequers_serial_rivers_small_a, chequers_serial_rivers_marsh,
          st_stairs_3
D:4:      layout_cave_pools, nicolae_qazlal_scattered_showers,
          minmay_hollow_rounded_squares
D:5:      layout_basic, temple_pool_b
D:6:      layout_layer_cave, supply_closet_lemuel, hangedman_decor_riveting,
          uniq_sigmund
D:7:      layout_loops_cross, general_overflow_altar, uniq_pikel, uniq_duvessa
D:8:      layout_rooms, mainiacjoe_overflow_paths, eino_jars, uniq_maggie
D:9:      layout_roguey, kiku_gazebo_garden_becter, lair_entry_dummy
D:10:     layout_roguey, jmf_multi_god_temple
D:11:     layout_basic, serial_park_tiny_pond, uniq_fannar
D:12:     layout_basic, david_orc_3, gauntlet_entry_generic,
          trove_entry_hex_spiral
D:13:     gammafunk_boulding_lane, layout_irregular_city,
          hangedman_vaults_entry_quadrant_bands, st_stairs_9
D:14:     layout_rooms, trog_three_pillars_becter
D:15:     grunt_enter_depths_magical_seal, layout_loops_cross,
          hangedman_decor_push, minmay_fire_ice_demons
Lair:1:   layout_loops_ring, serial_bayou_shore_a, serial_bayou_shore_b,
          minmay_lair_oklob_chamber, uniq_sonja
Lair:2:   layout_layer_cave
Lair:3:   layout_regular_city, minmay_shoals_entry_beasts,
          spider_nest_entry_funnel_web, portal_ice_cave_rime, basic_altar,
          serial_bayou_shore_b
Lair:4:   layout_big_grid
Lair:5:   layout_roguey
Lair:6:   due_jungle_book, layout_loops_ring, slime_altar_1, grunt_megastairs_2
Abyss:3:  base: Lair:6, onia_ninara_dug_in_and_dangerous, bh_abyss_exit_choice,
          patterned_corridor, evilmike_abyss_rune_elephants_shrine

Skill      XL: |  1  2  3  4  5  6  7  8  9 10 11 12 13 14 15 |
---------------+----------------------------------------------+-----
Unarmed Combat | 4 5 6 7 8 9 10 11 13 14 15 16 | 16.5
Fighting       | 3 4 5 6 7 8 |  8.1
Invocations    | 2 3 4 6 7 9 10 11 12 | 12.6
Armour         | 2 3 5 6 |  6.0
Shields        | 2 6 9 11 13 | 13.5
Dodging        | |  2.4
Stealth        | |  1.0

Action                   |  1- 3 |  4- 6 |  7- 9 | 10-12 | 13-15 | 16-18 || total
-------------------------+-------+-------+-------+-------+-------+-------++-------
Melee: Unarmed           |    86 |   113 |   221 |   501 |  1216 |   104 ||  2241
       Punch             |       |     3 |    11 |    28 |       |       ||    42
Invok: Upheaval          |       |       |     1 |    13 |    22 |     4 ||    40
       Elemental Force   |       |       |       |     1 |       |       ||     1
Evoke: Wand              |       |       |       |     2 |       |       ||     2
  Use: Scroll            |       |     6 |       |    17 |    10 |     1 ||    34
       Potion            |       |       |       |       |       |     1 ||     1
 Stab: Paralysed         |       |       |       |     5 |       |       ||     5
       Petrified         |       |       |       |       |     2 |       ||     2
Armor: Robe              |    11 |       |       |       |       |       ||    11
       Troll leather arm |    27 |    65 |    76 |   165 |   148 |       ||   481
       Acid dragon scale |       |       |       |       |   127 |    43 ||   170
Dodge: Dodged            |    42 |    60 |    84 |   154 |   206 |    33 ||   579
       Repelled          |       |       |       |     4 |     5 |     1 ||    10
Block: Other             |       |       |    17 |    59 |       |       ||    76
       Tower shield      |       |       |       |   141 |  1566 |   167 ||  1874
